 Dungeon Crawl Stone Soup version 0.30-b1-2-g02819fbbbe (webtiles) character file.

Game seed: 7532424987567325899

185 Fartwhistle the Changer (level 5, 0/67 HPs)
             Began as a Naga Transmuter on May 25, 2023.
             Was an Initiate of Cheibriados.
             Slain by a gnoll
             ... wielding a +0 halberd
              (7 damage)
             ... on level 4 of the Dungeon.
             The game lasted 00:05:58 (3789 turns).

Fartwhistle the Changer (Naga Transmuter)           Turns: 3789, Time: 00:05:58

Health: 0/67       AC: 22    Str: 13    XL:     5   Next: 64%
Magic:  10/10      EV:  1    Int: 17    God:    Cheibriados [......]
Gold:   134        SH:  0    Dex: 12    Spells: 3/11 levels left

rFire   . .          .
                       - Unarmed
rCold   . . .        (no shield)
rNeg    . . .        a - melded +0 robe
rPois   +            r - melded +1 hat
rElec   .            (cloak currently unavailable)
rCorr   .            (gloves currently unavailable)
SInv    +            (no barding)
Will    .....        (no amulet)
Stlth   +            (no ring)
HPRegen 0.31/turn    (no ring)
MPRegen 0.12/turn

%: no passive effects
@: lethally poisoned (0 -> -1), tree-form, very slow
A: stationary, stasis, torment immunity, boosted hp, AC +1, large, see
invisible, (deformed body), (poison resistance), (slowness 2), spit poison 1,
(naga tail 1)
a: Spit Poison, Renounce Religion


You were on level 4 of the Dungeon.
You worshipped Cheibriados.
Cheibriados was noncommittal.
You were a tree.
You visited 1 branch of the dungeon, and saw 4 of its levels.

You collected 134 gold pieces.

Inventory:

Missiles
 d - 4 boomerangs
Armour
 a - a +0 robe (melded)
 r - a +1 hat (melded)
Jewellery
 n - a ring of magical power
Wands
 o - a wand of flame (22)
Scrolls
 c - a scroll of acquirement {unknown}
 e - a scroll of teleportation {unknown}
 h - 4 scrolls of identify {unknown}
 k - a scroll of silence {unknown}
 m - a scroll of blinking {unknown}
 p - a scroll of poison {unknown}
Potions
 f - 2 potions of attraction {unknown}
 g - 2 potions of heal wounds {unknown}
 i - a potion of flight {unknown}
 j - a potion of might {unknown}
 l - a potion of curing {unknown}
 q - a potion of mutation {unknown}


   Skills:
 + Level 1.9 Fighting
 - Level 1.5 Dodging
 - Level 3.0 Unarmed Combat
 + Level 3.5 Spellcasting
 + Level 3.7 Transmutations
 + Level 0.5 Ice Magic
 + Level 2.1 Poison Magic


You had 3 spell levels left.
You knew the following spells:

 Your Spells              Type           Power      Damage    Failure   Level
a - Beastly Appendage     Tmut           30%        N/A       3%          1
b - Spider Form           Tmut/Pois      12%        N/A       16%         3
c - Ice Form              Ice/Tmut       10%        N/A       56%         4

Your spell library contained the following spells:

 Spells                   Type           Power      Damage    Failure   Level
 Wereblood                Tmut           15%        N/A       5%          2


Dungeon Overview and Level Annotations

Branches:
Dungeon (4/15)
 Temple: D:4-7

Altars:
Cheibriados
Gozag


Innate Abilities, Weirdness & Mutations

You are a tree.
Your roots penetrate the ground, keeping you stationary.
You cannot be teleported.
You are immune to unholy pain and torment.
Your maximum health is greatly increased.
Your equipment is partially melded.
((Your serpentine skin is tough. (AC +1)))
You have supernaturally acute eyesight. (SInv)
((Armour fits poorly on your strangely shaped body.))
((Your system is resistant to poisons. (rPois)))
((You cover ground very slowly.))
You can spit poison.
((You have a snake-like lower body.))


Message History

The adder attacks as you move away! The adder completely misses you.
You feel sick. The adder completely misses you.
The gnoll hits you from afar with a +0 halberd.
You feel sick.
You feel sick. The adder bites you.
* * * LOW HITPOINT WARNING * * *
You are more poisoned.
The adder poisons you!
* * * LOW HITPOINT WARNING * * *
You feel sick. The adder barely misses you.
* * * LOW HITPOINT WARNING * * *
You feel very sick.
You kill the adder!
Cheibriados appreciates the change of pace.
The gnoll misses you.
Really quaff the potion of lignification?
Your transformation has ended.
Your +1 hat unmelds from your body.
Your +0 robe unmelds from your body.
You turn into a tree.
Your +1 hat melds into your body.
Your +0 robe melds into your body.
Your roots penetrate the ground.
You feel sick. The gnoll hits you but does no damage.
Aiming: Spit Poison (1% risk of failure)
Press: ? - help, Shift-Dir - straight line, f - gnoll
Aim: a gnoll, wielding a +0 halberd (65% to hit)
The splash of poison hits the gnoll!
The gnoll is poisoned.
The gnoll is heavily wounded.
You feel sick. The gnoll hits you but does no damage.
Unknown command.
You feel sick. The gnoll hits you but does no damage.
You have got your breath back.
You feel sick. The gnoll hits you but does no damage.
Aiming: Spit Poison (1% risk of failure)
Press: ? - help, Shift-Dir - straight line, f/p - gnoll
Aim: a gnoll, wielding a +0 halberd (severely wounded, poisoned, 65% to hit)
The splash of poison misses the gnoll.
The gnoll hits you but does no damage.
You feel sick. The gnoll hits you but does no damage.
You have got your breath back.
You feel sick.
The gnoll looks more healthy.
The gnoll hits you from afar with a +0 halberd!
You die...

#.# #..### #.# ##...)...... #.#
#.## #.###...)....... #.# #.#
#..##....####.#. #.# #.#
#........# .. #.# #.# ##...##...#
# #.# #.# ####....##...#
##.####.####....g.......#####
#...##................#.....#
#...#.........♣.......#####.###
#.....................#####....
#......####....................
###.....#####.#.........##......#
.....†### #.............##.######
###...# #.............<[.#
###'#.# #......###########
....#.# #......# ♣♣♣.#.# #.....†#


You could see a gnoll.

Vanquished Creatures
  An orc wizard (D:3)
  4 adders
  2 gnolls (D:4)
  An ufetubus (D:4)
  2 worms
  3 dart slugs
  8 orcs (D:3)
  6 endoplasms
  5 goblins
  6 hobgoblins
  7 jackals
  9 kobolds
  A quokka (D:3)
  11 ball pythons
  5 bats
  6 frilled lizards
  3 rats
80 creatures vanquished.

Notes
Turn   | Place    | Note
-------+----------+-------------------------------------------
     0 | D:1      | Fartwhistle the Naga Transmuter began the quest for the
                  | Orb.
     0 | D:1      | Reached XP level 1. HP: 18/18 MP: 3/3
   245 | D:1      | Reached XP level 2. HP: 25/25 MP: 5/5
   593 | D:1      | Reached XP level 3. HP: 11/31 MP: 4/6
   677 | D:1      | Learned a level 3 spell: Spider Form
  1791 | D:2      | Reached XP level 4. HP: 24/38 MP: 8/8
  2963 | D:3      | Reached skill level 1 in Poison Magic
  3127 | D:3      | Reached XP level 5. HP: 31/44 MP: 7/10
  3373 | D:3      | Found an opulent altar of Gozag.
  3505 | D:4      | Learned a level 4 spell: Ice Form
  3641 | D:4      | Found a snail-covered altar of Cheibriados.
  3717 | D:4      | Became a worshipper of Cheibriados the Contemplative
  3789 | D:4      | Slain by a gnoll

Illustrated notes

Levels and vault maps discovered:
D:1:      heliophobic_arrival_dark_side_of_the_moon, layout_basic,
          nrook_mini_backslash
D:2:      layout_basic
D:3:      layout_rooms, grunt_gozag_breadcrumbs, minmay_ruptured
D:4:      layout_rooms, mainiacjoe_overflow_six_doors_small

Skill      XL: |  1  2  3  4  5 |
---------------+----------------+-----
Transmutations | 3 |  3.7
Spellcasting   | 3 |  3.5
Poison Magic   | 1 2 |  2.1
Fighting       | |  1.9
Dodging        | |  1.5
Unarmed Combat | |  3.0
Ice Magic      | |  0.5

Action                     |  1- 3 |  4- 6 || total
---------------------------+-------+-------++-------
  Melee: Unarmed           |   154 |   151 ||   305
         Headbutt          |     6 |     3 ||     9
         Punch             |     1 |       ||     1
   Cast: Beastly Appendage |     5 |     2 ||     7
         Spider Form       |       |     7 ||     7
Ability: Spit Poison       |       |     2 ||     2
    Use: Potion            |       |     2 ||     2
   Stab: Sleeping          |     3 |     2 ||     5
 Armour: Robe              |    28 |     8 ||    36
         Skin              |       |    15 ||    15
  Dodge: Dodged            |    76 |    92 ||   168
